 Dungeon Crawl Stone Soup version 0.30-a0-371-gad7725a93e (webtiles) character file.

Game seed: 15541514626012372683

501 NinjaNoafa the Cleaver (level 6, -4/51 HPs)
             Began as a Minotaur Fighter on Nov 22, 2022.
             Slain by Duvessa
             ... wielding a +0 rapier
              (7 damage)
             ... on level 5 of the Dungeon.
             The game lasted 00:06:48 (3391 turns).

NinjaNoafa the Cleaver (Minotaur Fighter)           Turns: 3391, Time: 00:06:48

Health: -4/51      AC: 12    Str: 23    XL:     6   Next: 95%
Magic:  5/5        EV:  9    Int:  5    God:
Gold:   271        SH:  9    Dex:  9    Spells: 5/5 levels left

rFire   . . .      SeeInvis .    a - +0 war axe
rCold   . . .      Faith    .    c - +0 buckler
rNeg    . . .      Spirit   .    b - +0 scale mail
rPois   .          Reflect  +    (helmet restricted)
rElec   .          Harm     .    m - +0 cloak
rCorr   .          Rampage  .    (no gloves)
Will    .....                    (no boots)
Stlth   ..........               k - amulet of reflection
HPRegen 0.28/turn                e - ring of flight
MPRegen 0.09/turn                l - +4 ring of protection

@: mighty, flying
A: horns 2, retaliatory headbutt
a: no special abilities


You were on level 5 of the Dungeon.
You visited 1 branch of the dungeon, and saw 5 of its levels.

You collected 271 gold pieces.

Inventory:

Hand Weapons
 a - a +0 war axe (weapon)
Missiles
 f - 58 stones
 g - 2 boomerangs (quivered)
Armour
 b - a +0 scale mail (worn)
 c - a +0 buckler (worn)
 m - a +0 cloak (worn)
Jewellery
 e - a ring of flight (left hand)
 k - an amulet of reflection (around neck)
 l - a +4 ring of protection (right hand)
Scrolls
 j - 4 scrolls of identify {unknown}
 n - a scroll of vulnerability {unknown}
 o - 3 scrolls of teleportation {unknown}
 p - 3 scrolls of enchant weapon {unknown}
 q - 5 scrolls of immolation
 t - a scroll of enchant armour {unknown}
 u - 3 scrolls of fear {unknown}
 v - 2 scrolls of butterflies {unknown}
 x - a scroll of silence {unknown}
 y - 2 scrolls of magic mapping {unknown}
Potions
 d - 2 potions of might
 h - 2 potions of heal wounds {unknown}
 i - a potion of magic
 r - 2 potions of mutation {unknown}
 w - a potion of brilliance {unknown}
 z - a potion of haste {unknown}
 A - a potion of flight {unknown}
 B - a potion of attraction {unknown}


   Skills:
 - Level 3.6 Fighting
 + Level 9.1 Axes
 - Level 3.6 Armour
 - Level 3.6 Shields


You had 5 spell levels left.
You didn't know any spells.
Your spell library contained the following spells:

 Spells                   Type           Power      Damage    Failure   Level
 Hailstorm                Conj/Ice       0%         3d3       99%         3
 Ice Form                 Ice/Tmut       0%         N/A       100%        4
 Simulacrum               Ice/Necr       0%         N/A       100%        6


Dungeon Overview and Level Annotations

Branches:
Dungeon (5/15)
 Temple: D:4-7

Altars:
Dithmenos
Sif Muna
Trog
Vehumet
Wu Jian

Shops:
D:3 :([([

Portals:
Sewer: D:5

Annotations:
D:5 Duvessa


Innate Abilities, Weirdness & Mutations

You have a pair of horns on your head.
You reflexively headbutt those who attack you in melee.


Message History

Dowan hits you but does no damage.
You feel very mighty all of a sudden.
Dowan smirks and points a slender finger.
Dowan hits you with a +0 dagger. The worm bites you but does no damage.
You slash Dowan!
Dowan is severely wounded.
You hit the worm. Dowan barely misses you.
You barely miss Dowan. Your headbutt misses Dowan.
Dowan is severely wounded.
You slash the worm! Dowan hits you but does no damage.
The worm bites you but does no damage.
You miss Dowan.
Dowan is severely wounded.
You barely miss the worm. Dowan completely misses you.
You block the worm's attack.
You barely miss Dowan. You headbutt Dowan!
You kill Dowan!
You hear a distant scream of rage.
You slash the worm!
You kill the worm!
Your Axes skill increases to level 9!
A giant cockroach, a rat and Duvessa come into view.
Duvessa is wielding a +0 rapier and carrying a wand of digging (5).
Duvessa shouts!
Duvessa goes berserk!
Things that are here:
a +0 dagger; a +0 robe; a potion of curing
Okay, then.
Duvessa hits you with a +0 rapier!
You slash Duvessa! Your headbutt misses Duvessa.
Duvessa is lightly wounded.
You are no longer glowing.
Duvessa hits you with a +0 rapier!
* * * LOW HITPOINT WARNING * * *
You feel better. Duvessa hits you with a +0 rapier.
* * * LOW HITPOINT WARNING * * *
Duvessa hits you with a +0 rapier!
* * * LOW HITPOINT WARNING * * *
It was a potion of magic.
Magic courses through your body. You block Duvessa's attack.
Duvessa hits you with a +0 rapier!
You die...

#.#~~~~~~~#..#
##.~~~~~~~~~...
#...~~~∩~~~...
.#..~~~~~~~~..#
#.#.#~~~~~~~#.#
#.#...~~~~~...#
#.##..#.r.#.(# #.#
#...eB..#
#########.###.)#@####
............=....#
..# ####.).##.####
#.# ##.###.#.# #.#
##...##.#.# #.#
#..#..#.#.#
#.###.###.....#
.......#..#########
#.##.#...#.........


You could see Duvessa (berserk), a giant cockroach and a rat.

Vanquished Creatures
  An ogre (D:5)
  A bullfrog (D:4)
  A scorpion (D:4)
  Dowan (D:5)
  A hound (D:5)
  12 adders
  3 worms
  A dart slug (D:2)
  An orc (D:4)
  14 ball pythons
  2 bats
  11 endoplasms
  3 giant cockroaches
  11 goblins
  5 hobgoblins
  9 jackals
  7 kobolds
  4 quokkas
  2 frilled lizards (D:1)
  13 rats
  A bush (D:1)
104 creatures vanquished.

Vanquished Creatures (others)
  2 plants (D:1)
2 creatures vanquished.

Grand Total: 106 creatures vanquished

Notes
Turn   | Place    | Note
-------+----------+-------------------------------------------
     0 | D:1      | NinjaNoafa the Minotaur Fighter began the quest for the
                  | Orb.
     0 | D:1      | Reached XP level 1. HP: 19/19 MP: 0/0
    19 | D:1      | Reached skill level 3 in Axes
    73 | D:1      | Reached XP level 2. HP: 4/26 MP: 1/1
   462 | D:1      | Reached skill level 4 in Axes
   797 | D:1      | Reached XP level 3. HP: 28/31 MP: 2/2
  1373 | D:2      | Found a faded altar of an unknown god.
  1515 | D:2      | Reached skill level 5 in Axes
  1564 | D:2      | Found a shimmering blue altar of Sif Muna.
  1679 | D:2      | Reached XP level 4. HP: 39/39 MP: 3/3
  1837 | D:3      | Found Ceimil's Armour Boutique.
  1898 | D:3      | Found a radiant altar of Vehumet.
  2013 | D:3      | Found an ornate altar of the Wu Jian Council.
  2020 | D:3      | Found Maudenab's Book Shoppe.
  2193 | D:3      | Found Waqitic's Antique Weapon Emporium.
  2259 | D:3      | Found Licau's Armour Emporium.
  2355 | D:3      | Reached skill level 6 in Axes
  2400 | D:3      | Reached XP level 5. HP: 45/45 MP: 4/4
  2526 | D:3      | Found Maps's Weapon Shop.
  2560 | D:3      | Found a shadowy altar of Dithmenos.
  2623 | D:4      | Reached skill level 7 in Axes
  2966 | D:4      | Reached XP level 6. HP: 51/51 MP: 5/5
  3042 | D:4      | Reached skill level 8 in Axes
  3145 | D:4      | Noticed a moth of wrath
  3148 | D:4      | Found a bloodstained altar of Trog.
  3202 | D:5      | Entered Level 5 of the Dungeon
  3369 | D:5      | Noticed Dowan
  3371 | D:5      | Found a glowing drain.
  3384 | D:5      | Killed Dowan
  3385 | D:5      | Reached skill level 9 in Axes
  3385 | D:5      | Noticed Duvessa
  3389 | D:5      | HP: 2/51 [Duvessa/+0 rapier (12)]
  3391 | D:5      | Slain by Duvessa

Illustrated notes

Levels and vault maps discovered:
D:1:      tarquinn_simple_flora_water_a, layout_basic, serial_forest,
          infiniplex_forest_end_double, infiniplex_forest_lined_room_,
          infiniplex_forest_zigzag_1, infiniplex_forest_clump_cross,
          infiniplex_forest_lined_3, infiniplex_forest_lined_corner,
          infiniplex_forest_clump_diagonal, minmay_tall_x
D:2:      layout_rooms, hellmonk_ecumenical_altar_blasted, basic_altar
D:3:      layout_rooms, nicolae_overflow_hidden_temple,
          mainiacjoe_overflow_24_doors, mainiacjoe_overflow_alcove_2,
          serial_shops, nicolae_shop_hallway_stairs,
          nicolae_shop_advertising_works [nicolae_subvault_shop_adworks],
          nicolae_shop_behind_doors, nicolae_square_shop, shop,
          minmay_snake_closets
D:4:      layout_gridville, tgw_trog
D:5:      layout_loops_ring, mainiacjoe_overflow_cross_hatched,
          cheibrodos_sewer_entry_drain, uniq_grinder, uniq_duvessa,
          uniq_prince_ribbit1

Skill      XL: |  1  2  3  4  5  6 |
---------------+-------------------+-----
Axes           | 3 4 5 6 7 9 |  9.1
Fighting       | |  3.6
Armour         | |  3.6
Shields        | |  3.6

Action                   |  1- 3 |  4- 6 || total
-------------------------+-------+-------++-------
Melee: War axe           |   116 |   135 ||   251
       Headbutt          |    25 |    24 ||    49
Throw: Boomerang         |    32 |     8 ||    40
  Use: Potion            |     1 |     3 ||     4
Armor: Scale mail        |    32 |    53 ||    85
Dodge: Dodged            |    40 |    49 ||    89
Block: Buckler           |    29 |    70 ||    99
       Reflection        |     3 |       ||     3

Table legend: (Time is in decaauts)
 A = Elapsed time spent in this place.
 B = Non-inter-level travel time spent in this place.
 C = Inter-level travel time spent in this place.
 D = Time resting spent in this place.
 E = Time spent auto-exploring this place.
 F = Levels seen in this place.
 G = Mean time per level.
                   A        B        C        D        E       F      G
               +--------+--------+--------+--------+--------+-----+--------+
         Total |   3469 |   3242 |    227 |      0 |   2436 |   5 |  693.8 |
       Dungeon |   3469 |   3242 |    227 |      0 |   2436 |   5 |  693.8 |
               +--------+--------+--------+--------+--------+-----+--------+

Top non-repeatable levels by time:
     D:1: 1374 daAuts
     D:3: 806 daAuts
     D:4: 601 daAuts
     D:2: 494 daAuts
     D:5: 191 daAuts
